 Dungeon Crawl Stone Soup version 0.31-a0-1068-g5939ac1fb6 (webtiles) character file.

Game seed: 8774368115629278408

11682 Ronin1791 the Severer (level 11, -7/99 HPs)
             Began as a Hill Orc Fighter on Nov 25, 2023.
             Was a Priest of the Shining One.
             Killed by vampiric draining
             ... invoked by a vampire
              (9 damage)
             ... on level 12 of the Dungeon.
             The game lasted 00:35:55 (20967 turns).

Ronin1791 the Severer (Hill Orc Fighter)           Turns: 20967, Time: 00:35:56

Health: -7/99      AC: 17    Str: 24    XL:     11   Next: 81%
Magic:  12/12      EV: 13    Int:  8    God:    the Shining One [***...]
Gold:   690        SH:  6    Dex: 16    Spells: 10/12 levels left

rFire   . . .        a - +2 war axe
rCold   . . .        c - +0 buckler
rNeg    + . .        B - +1 plate armour
rPois   .            (no helmet)
rElec   .            (no cloak)
rCorr   .            D - +0 pair of gloves
SInv    .            (no boots)
Will    .....        j - amulet of the acrobat Stlth
                     t - +5 ring of evasion
HPRegen 0.36/turn    v - +6 ring of dexterity
MPRegen 0.13/turn

%: acrobat
@: glowing, studying Stealth
A: no striking features
a: Renounce Religion, Divine Shield, Cleansing Flame


You were on level 12 of the Dungeon.
You worshipped the Shining One.
The Shining One was most pleased with you.
You visited 1 branch of the dungeon, and saw 12 of its levels.

You collected 690 gold pieces.

Inventory:

Hand Weapons
 a - a +2 war axe (weapon)
 d - a +2 short sword of venom
 k - a +3 spear
 l - a +1 falchion of electrocution
 s - a +3 trident of draining
 M - a +2 heavy scimitar
Missiles
 r - 2 javelins
 z - 3 throwing nets
 L - 4 poisoned darts (quivered)
 P - 2 atropa-tipped darts
Armour
 c - a +0 buckler (worn)
 p - a +1 chain mail
 q - an orb of mayhem
 B - a +1 plate armour (worn)
 D - a +0 pair of gloves (worn)
 J - an orb of energy
Jewellery
 f - a ring of ice
 j - an amulet of the acrobat (around neck)
 m - a ring of poison resistance
 t - a +5 ring of evasion (left hand)
 v - a +6 ring of dexterity (right hand)
 F - a +6 ring of strength
Talismans
 e - a beast talisman
 o - a beast talisman
 C - a blade talisman
Wands
 x - a wand of flame (8)
 E - a wand of digging (3)
 H - a wand of iceblast (4)
 Q - a wand of paralysis (4)
Scrolls
 b - 2 scrolls of fear
 g - a scroll of amnesia
 i - 7 scrolls of teleportation
 y - a scroll of poison
 G - a scroll of revelation
 N - 3 scrolls of noise
 R - a scroll of vulnerability
Potions
 n - 2 potions of magic
 u - 2 potions of haste
 w - 3 potions of degeneration
 A - a potion of berserk rage {unknown}
 I - a potion of enlightenment
 K - a potion of lignification {unknown}
 O - a potion of mutation {unknown}


   Skills:
 + Level 9.8 Fighting
 + Level 15.4 Axes
 + Level 1.4 Throwing
 + Level 11.2 Armour
 + Level 1.6 Dodging
 + Level 1.5 Stealth
 + Level 6.2 Shields
 + Level 1.0 Spellcasting
 + Level 1.8 Conjurations
 + Level 1.5 Fire Magic
 + Level 0.7 Invocations


You had 10 spell levels left.
You knew the following spells:

 Your Spells              Type           Power      Damage    Failure   Level
a - Magic Dart            Conj           12%        1d3       93%         1
b - Foxfire               Conj/Fire      12%        2x1d4     94%         1

Your spell library contained the following spells:

 Spells                   Type           Power      Damage    Failure   Level
 Call Imp                 Summ           0%         N/A       100%        2
 Inner Flame              Hex/Fire       1%         N/A       100%        3
 Mephitic Cloud           Conj/Pois/Air  1%         N/A       100%        3
 Flame Wave               Conj/Fire      3%         2d5       100%        4
 Sticky Flame             Conj/Fire      3%         2d3       100%        4
 Plasma Beam              Fire/Air       0%         2x1d10    100%        6
 Starburst                Conj/Fire      1%         6d3       100%        6


Dungeon Overview and Level Annotations

Branches:
Dungeon (12/15)            Temple (0/1) D:6            Lair (0/5) D:9
    Orc (0/2) D:9

Altars:
Hepliaklqana
Nemelex Xobeh
Okawaru
Qazlal
Sif Muna
Wu Jian
Xom
Zin
The Shining One

Shops:
D:10 :

Portals:
Trove: D:12 (give +6 demon blade)

Annotations:
D:12 Psyche


Message History

The tengu warrior hits you with a +0 battleaxe.
* * * LOW HITPOINT WARNING * * *
The tengu warrior pecks you but does no damage.
The tengu warrior closely misses you.
Psyche begins to cast a cantrip, but forgets the words!
Your surroundings suddenly seem different.
A vampire comes into view.
Found a wand of flame (4).
Found a stone staircase leading up and a stone staircase leading down.
The vampire completely misses you. x2
You barely miss the vampire. The vampire hits you.
* * * LOW HITPOINT WARNING * * *
The vampire misses you.
You hit the vampire but do no damage. The vampire barely misses you.
The vampire bites you but does no damage.
You slash the vampire!
The vampire is heavily damaged.
You hit the vampire but do no damage.
The vampire is heavily damaged.
You block the vampire's attack. The vampire closely misses you.
You hit the vampire but do no damage.
The vampire is heavily damaged.
The vampire hits you but does no damage.
You block the vampire's attack.
You hit the vampire but do no damage.
The vampire is heavily damaged.
You barely miss the vampire.
The vampire is heavily damaged.
You block the vampire's attack. The vampire bites you.
* * * LOW HITPOINT WARNING * * *
The vampire draws strength from your injuries!
You slash the vampire!
The vampire is almost destroyed.
The vampire hits you but does no damage.
The vampire bites you but does no damage.
Okay, then.
You hit the vampire but do no damage.
The vampire is almost destroyed.
The vampire draws life force from you!
You die...

...#
##########
#+# (..#
..........#
...#
../.......#
(..#
..........#
....
..........+
...##
........>.#
...#
..........#
.......V..#
.......@..#
###########


You could see a vampire.

Vanquished Creatures
  A boulder beetle (D:12)
  2 two-headed ogres
  The ghost of Pi314 the Mimic, a novice DrSh of Okawaru (D:8)
  2 manticores
  Joseph (D:7)
  Jeremiah (D:7)
  2 gargoyles (D:10)
  An unseen horror (D:12)
  Maggie (D:10)
  2 trolls (D:11)
  A hornet (shapeshifter) (D:11)
  The ghost of heinrich the Magician, an amateur DjFE (D:3)
  3 wyverns
  Grum (D:11)
  3 yaks (D:5)
  A basilisk (D:12)
  2 steam dragons
  6 vampire mosquitoes (D:11)
  2 acid dragons
  A black bear (D:7)
  4 orc warriors
  2 ice beasts
  A sky beast (D:7)
  An ogre (D:5)
  4 centaurs
  2 wolves (D:11)
  A phantom (D:5)
  A kobold brigand (D:8)
  2 bullfrogs
  Blork the orc (D:6)
  A gnoll sergeant (D:6)
  7 scorpions
  9 killer bees
  A howler monkey (D:10)
  8 orc priests
  3 hounds
  3 gnoll boudas
  2 jellies
  A sleepcap (D:6)
  3 iguanas
  10 orc wizards
  13 adders
  22 gnolls
  A shadow imp (D:5)
  2 white imps
  4 ufetubi (D:5)
  3 worms
  A dart slug (D:3)
  55 orcs
  6 ball pythons (D:4)
  6 endoplasms
  2 giant cockroaches
  7 goblins
  2 hobgoblins
  3 jackals (D:1)
  19 kobolds
  4 quokkas
  6 bats
  5 frilled lizards
  8 rats
271 creatures vanquished.

Notes
Turn   | Place    | Note
-------+----------+-------------------------------------------
     0 | D:1      | Ronin1791 the Hill Orc Fighter began the quest for the Orb.
     0 | D:1      | Reached XP level 1. HP: 19/19 MP: 1/1
   103 | D:1      | Reached XP level 2. HP: 27/27 MP: 2/2
   126 | D:1      | Reached skill level 3 in Axes
   659 | D:1      | Reached XP level 3. HP: 33/33 MP: 3/3
   780 | D:2      | Learned a level 1 spell: Magic Dart
   787 | D:2      | Learned a level 1 spell: Foxfire
   924 | D:2      | Reached skill level 4 in Axes
  1200 | D:2      | Found a faded altar of an unknown god.
  1210 | D:2      | Prayed at the altar of an unknown god.
  1210 | D:2      | Became a worshipper of the Shining One
  1210 | D:2      | Reached * piety under the Shining One
  1288 | D:2      | Reached XP level 4. HP: 15/40 MP: 4/4
  1498 | D:2      | Found a stormy altar of Qazlal.
  1980 | D:3      | Reached skill level 5 in Axes
  1993 | D:3      | Found a runed translucent gate.
  1993 | D:3      | Found a runed translucent gate.
  1993 | D:3      | Found a runed translucent gate.
  1994 | D:3      | Noticed heinrich's ghost (amateur DjFE)
  2027 | D:3      | Killed heinrich's ghost
  2028 | D:3      | Reached skill level 6 in Axes
  2028 | D:3      | Reached skill level 1 in Dodging
  2028 | D:3      | Reached XP level 5. HP: 46/47 MP: 5/5
  2028 | D:3      | Reached XP level 6. HP: 54/55 MP: 6/6
  3334 | D:4      | Reached skill level 7 in Axes
  3976 | D:4      | Reached XP level 7. HP: 55/60 MP: 7/7
  4289 | D:4      | Reached skill level 5 in Armour
  4536 | D:4      | Reached skill level 5 in Fighting
  4767 | D:4      | Learned a level 1 spell: Magic Dart
  6081 | D:5      | Entered Level 5 of the Dungeon
  6098 | D:5      | Reached skill level 8 in Axes
  6184 | D:5      | Reached skill level 1 in Stealth
  6211 | D:5      | Noticed a yak
  6212 | D:5      | Noticed a yak
  6218 | D:5      | Noticed a yak
  6225 | D:5      | Killed a yak
  6226 | D:5      | Reached skill level 1 in Fire Magic
  6226 | D:5      | Reached XP level 8. HP: 40/69 MP: 8/8
  6227 | D:5      | Killed a yak
  6754 | D:5      | Reached ** piety under the Shining One
  7123 | D:5      | Reached skill level 9 in Axes
  7244 | D:5      | Killed a yak
  8075 | D:6      | Reached skill level 10 in Axes
  8075 | D:6      | Reached XP level 9. HP: 27/77 MP: 10/10
  8631 | D:6      | Found a stormy altar of Qazlal.
  8664 | D:6      | Reached skill level 1 in Conjurations
  8775 | D:6      | Found a staircase to the Ecumenical Temple.
  8791 | D:6      | Noticed Blork the orc
  8799 | D:6      | Killed Blork the orc
 12030 | D:6      | Found a shimmering altar of Xom.
 12199 | D:6      | Found a shimmering blue altar of Sif Muna.
 12943 | D:7      | Reached skill level 11 in Axes
 12977 | D:7      | Noticed Joseph
 12993 | D:7      | Killed Joseph
 12994 | D:7      | Reached skill level 5 in Shields
 13616 | D:7      | Reached skill level 12 in Axes
 13616 | D:7      | Reached skill level 1 in Spellcasting
 14040 | D:7      | Noticed Jeremiah
 14094 | D:7      | Killed Jeremiah
 14095 | D:7      | Reached XP level 10. HP: 49/86 MP: 11/11
 14819 | D:8      | Found a glowing silver altar of Zin.
 14819 | D:8      | Found a sparkling altar of Nemelex Xobeh.
 14819 | D:8      | Found an iron altar of Okawaru.
 14819 | D:8      | Found a hazy altar of Hepliaklqana.
 14847 | D:8      | Found a runed translucent door.
 15253 | D:8      | Identified the +7 dagger "Veokuerr" {drain, rF+ Dex+3
                  | Stlth-}
 15679 | D:8      | Noticed Pi314's ghost (novice DrSh)
 15700 | D:8      | Killed Pi314's ghost
 15701 | D:8      | Reached skill level 13 in Axes
 16177 | D:9      | Found a staircase to the Lair.
 16226 | D:9      | Found a staircase to the Orcish Mines.
 16531 | D:9      | Found an ornate altar of the Wu Jian Council.
 17038 | D:10     | Entered Level 10 of the Dungeon
 17038 | D:10     | Noticed Maggie
 17056 | D:10     | Killed Maggie
 17189 | D:10     | Found Adask's Self-Published Books.
 17487 | D:10     | Noticed a gargoyle
 17495 | D:10     | Killed a gargoyle
 17496 | D:10     | Reached skill level 14 in Axes
 17670 | D:10     | Noticed a two-headed ogre
 17679 | D:10     | Killed a two-headed ogre
 17680 | D:10     | Reached XP level 11. HP: 85/97 MP: 12/12
 17894 | D:10     | Reached skill level 10 in Armour
 18572 | D:11     | Noticed Grum
 18584 | D:11     | Killed Grum
 18870 | D:11     | Noticed a two-headed ogre
 18872 | D:11     | Reached *** piety under the Shining One
 18883 | D:11     | Killed a two-headed ogre
 19184 | D:11     | Noticed a harpy
 19192 | D:11     | Reached skill level 15 in Axes
 19192 | D:11     | a harpy changed into a hornet
 19624 | D:11     | Noticed a manticore
 19639 | D:11     | Killed a manticore
 20068 | D:11     | Reached skill level 1 in Throwing
 20497 | D:12     | Noticed a boulder beetle
 20548 | D:12     | Killed a boulder beetle
 20913 | D:12     | Found a portal to a secret trove of treasure.
 20929 | D:12     | Noticed a manticore
 20930 | D:12     | Noticed a tengu warrior
 20931 | D:12     | Noticed Psyche
 20939 | D:12     | Killed a manticore
 20965 | D:12     | HP: 2/99 [vampire (6)]
 20967 | D:12     | Killed from afar by a vampire

Illustrated notes

Levels and vault maps discovered:
D:1:      shiori_arrival_oz, layout_rooms, serial_curves, eino_curves_04,
          eino_curves_03
D:2:      layout_rooms, hellmonk_ecumenical_altar_prayer_group, basic_altar,
          st_stairs_13
D:3:      layout_rooms, ebering_ghost_rock_garden, minmay_circle_x
D:4:      layout_cave_pods, serial_co_window_serial, co_window_paths_b,
          co_window_paths_a, co_window_corner_a, co_window_of_opportunity_a,
          co_window_of_opportunity_a, co_window_paths_c, co_window_broadway_a,
          co_window_paths_c, co_window_corner_cb, co_window_unsneaky_path_b,
          co_window_corner_b, co_window_4corner_b
D:5:      layout_rooms
D:6:      layout_rooms, mainiacjoe_overflow_boulevard,
          mainiacjoe_overflow_large_starburst, minmay_temple_entry_ruins,
          st_stairs_10, minmay_misc_feat_x, uniq_blork_the_orc
D:7:      layout_layer_cave, uniq_jeremiah, uniq_joseph
D:8:      layout_loops_ring, chequers_temple_overflow_statue_of_worship,
          ebering_ghost_reflecting_pool
D:9:      layout_irregular_city, nicolae_wu_jian_wuxing_cycle, lair_entry_dummy,
          hiddenorc2_lemuel, minmay_misc_feat_iff
D:10:     layout_roguey, nicolae_custom_books, uniq_maggie
D:11:     layout_cave_pods, hangedman_decor_diamond_cutter, uniq_grum
D:12:     layout_roguey, enter_trove_2, uniq_rupert, uniq_frances, uniq_psyche,
          uniq_gastronok

Skill      XL: |  1  2  3  4  5  6  7  8  9 10 11 |
---------------+----------------------------------+-----
Axes           | 3 4 6 7 8 10 12 14 15 | 15.4
Fighting       | 4 5 6 7 9 |  9.8
Armour         | 4 5 6 8 9 11 | 11.2
Dodging        | 1 |  1.6
Shields        | 4 5 6 |  6.2
Stealth        | 1 |  1.5
Fire Magic     | 1 |  1.5
Conjurations   | 1 |  1.8
Spellcasting   | 1 |  1.0
Throwing       | 1 |  1.4
Invocations    | |  0.7

Action                     |  1- 3 |  4- 6 |  7- 9 | 10-12 || total
---------------------------+-------+-------+-------+-------++-------
  Melee: War axe           |    93 |   124 |   269 |   354 ||   840
  Throw: Dart              |       |       |       |    11 ||    11
 Invoke: Divine Shield     |       |       |     1 |     2 ||     3
    Use: Potion            |     1 |     3 |     9 |     3 ||    16
         Scroll            |       |     5 |     7 |     8 ||    20
 Armour: Scale mail        |    67 |    11 |       |       ||    78
         Chain mail        |       |    97 |   117 |       ||   214
         Plate armour      |       |       |   101 |   234 ||   335
  Dodge: Dodged            |    52 |    63 |   139 |   226 ||   480
  Block: Buckler           |    23 |    19 |    77 |   108 ||   227

Table legend: (Time is in decaauts)
 A = Elapsed time spent in this place.
 B = Non-inter-level travel time spent in this place.
 C = Inter-level travel time spent in this place.
 D = Time resting spent in this place.
 E = Time spent auto-exploring this place.
 F = Levels seen in this place.
 G = Mean time per level.
                   A        B        C        D        E       F      G
               +--------+--------+--------+--------+--------+-----+--------+
         Total |  20965 |  20965 |      0 |  12235 |   5447 |  12 | 1747.1 |
       Dungeon |  20965 |  20965 |      0 |  12235 |   5447 |  12 | 1747.1 |
               +--------+--------+--------+--------+--------+-----+--------+

Top non-repeatable levels by time:
     D:6: 4565 daAuts
     D:4: 3135 daAuts
     D:5: 2239 daAuts
    D:11: 2068 daAuts
     D:7: 1935 daAuts
    D:10: 1344 daAuts
     D:2: 1175 daAuts
     D:8: 1152 daAuts
     D:9: 1052 daAuts
     D:3: 1046 daAuts
     D:1: 794 daAuts
    D:12: 454 daAuts
